cohdb
Replays
Latest Replays
All Replays
Popular Replays
Top Player Replays
Match Explorer
How It Works
Community
CoH3 Stats
Reddit
Sign in to upload your games and track your stats! →
Sign in with Steam
Match 43954288
Unlisted
Match 43954288
Overview
Messages
Build Orders
End
Vickers Machine Gun Team
Construct Section Command Post
Infantry Section
Vickers Machine Gun Team
Infantry Section
Selects Canadian Shock Battlegroup
Selects Attacking Spirit
Selects Canadian Shock Section
Construct Field Infirmary
Infantry Section
Canadian Shock Section
Selects Incendiary Munitions
Construct Platoon Command Post
Selects Pyrotechnics
Canadian Shock Section
Grenade Package
Construct Company Command Post
Infantry Training
Unlock Towed 17-pounder Anti-tank Guns
17-pounder Anti-tank Gun Team
Matilda II Heavy Tank
skibski__
TunaSandwich
晨曦朝露
tugaLeek
Joraad
Zim
GG
thanasis00gk
0
0
Comments
sign in to comment!
No comments posted yet!